AoeStats
← hotzmann

Fortress

510201643Analyzed
3v3 RM · 2d ago on Sep 29, 2026· 51m 24s· 6 players
Game mode
Random Map
Map size
Large (8 player)
Population
200
Speed
Normal
Resources
Standard
Victory
Conquest
Starting age
Dark Age
Ending age
Imperial Age
RankedLock teamsTeams togetherTeam positionsShared explorationLock speedFull tech treeHidden civsTurbo modeCheats
Victory
Defeat
🇺🇸 Ethiopians · United States
1165
+14
🇬🇧 Mongols · United Kingdom
1164
+15
🇺🇸 Burgundians · United States
1144
+15
🇲🇽 Portuguese · Mexico
1147
-15
🇲🇽 Byzantines · Mexico
1145
-15
🇲🇽 Saxons · Mexico
1111
-14
Ulix21X
7:34 Feudal Age
7:50 Loom
12:31 Castle Age
10:39 Horse Collar
11:06 Double-Bit Axe
11:59 Stone Mining
13:26 Wheelbarrow
15:40 Bow Saw
16:24 Heavy Plow
22:35 Gold Mining
24:26 Hand Cart
23:57 Town Watch
24:33 Treadmill Crane
25:16 Forging
28:34 Imperial Age
27:20 Masonry
27:20 Fortified Wall
27:49 Iron Casting
27:04 Gambesons
27:19 Squires
27:05 Arson
27:16 Pikeman
29:21 Halberdier
30:51 Man-at-Arms
32:21 Scale Mail Armor
34:02 Conscription
33:05 Shield Wall
33:50 Long Swordsman
34:19 Elite Hearth Troop
35:55 Chain Mail Armor
35:30 Fletching
38:21 Two-Man Saw
38:06 Town Patrol
42:43 Gold Shaft Mining
43:59 Cranequins
44:45 Thumb Ring
44:00 Heavy Mounted Crossbowman
44:15 Elite Skirmisher
46:27 Scale Barding Armor
46:13 Fletching
46:14 Capped Ram
47:57 Chain Barding Armor
47:38 Padded Archer Armor
49:38 Chain Mail Armor
50:46 Leather Archer Armor
50:27 Bodkin Arrow
50:54 Ballistics
50:33 Two-Handed Swordsman
52:07 Plate Mail Armor
F123DY
8:00 Feudal Age
8:34 Double-Bit Axe
8:33 Horse Collar
14:46 Castle Age
12:48 Gold Mining
16:49 Bow Saw
16:47 Heavy Plow
16:45 Stone Mining
17:33 Gold Shaft Mining
20:48 Wheelbarrow
22:03 Stone Shaft Mining
23:42 Scale Mail Armor
23:53 Forging
23:43 Padded Archer Armor
23:34 Fletching
23:50 Scale Barding Armor
24:12 Hand Cart
24:29 Hand Cart
28:12 Imperial Age
25:30 Pikeman
25:33 Elite Skirmisher
27:33 Chain Mail Armor
27:33 Leather Archer Armor
28:02 Iron Casting
28:08 Chain Barding Armor
30:11 Plate Mail Armor
29:38 Bodkin Arrow
29:57 Halberdier
30:40 Squires
30:26 Arson
31:24 Ring Archer Armor
32:17 Conscription
32:08 Logistica
34:18 Husbandry
35:42 Elite Cataphract
37:40 Bracer
38:16 Plate Barding Armor
43:11 Ballistics
43:52 Chemistry
47:47 Two-Man Saw
axelCGOMarcus
10:06 Feudal Age
14:17 Castle Age
13:13 Double-Bit Axe
13:09 Horse Collar
13:22 Stone Mining
20:36 Heavy Plow
20:53 Bow Saw
23:13 Gold Mining
28:46 Imperial Age
28:05 Ballistics
27:41 Murder Holes
28:51 Fortified Wall
28:35 Guard Tower
29:36 Loom
30:28 Wheelbarrow
29:40 Town Watch
30:59 Chemistry
30:09 Siege Engineers
31:00 Conscription
30:51 Circumnavigation
33:26 Two-Man Saw
32:55 Arquebus
34:08 Elite Organ Gun
Steel_Polite
8:37 Feudal Age
11:25 Loom
14:07 Castle Age
13:35 Double-Bit Axe
13:32 Horse Collar
13:46 Gold Mining
13:46 Stone Mining
15:41 Bow Saw
16:25 Sanctity
16:22 Fervor
16:37 Heavy Plow
21:10 Fletching
21:21 Padded Archer Armor
23:32 Wheelbarrow
22:42 Town Watch
23:02 Crossbowman
23:46 Stone Mining
24:52 Gold Shaft Mining
30:24 Imperial Age
28:52 Town Patrol
29:08 Hand Cart
29:27 Thumb Ring
29:28 Bodkin Arrow
29:48 Leather Archer Armor
30:12 Leather Archer Armor
30:30 Arbalester
31:21 Elite Skirmisher
32:05 Bracer
33:08 Chemistry
33:44 Two-Man Saw
33:26 Ring Archer Armor
33:19 Ballistics
33:13 Masonry
34:02 Stone Shaft Mining
33:51 Conscription
36:26 Torsion Engines
38:44 Guilds
40:38 Siege Engineers
43:40 Architecture
43:22 Fortified Wall
43:05 Elite Shotel Warrior
44:09 Onager
hotzmann
1:19 Double-Bit Axe
3:35 Horse Collar
8:39 Feudal Age
12:21 Castle Age
11:50 Bow Saw
12:49 Heavy Plow
14:19 Loom
15:11 Wheelbarrow
15:11 Gold Mining
16:49 Hand Cart
18:32 Town Watch
26:08 Imperial Age
23:54 Stone Mining
24:33 Town Patrol
24:42 Scale Barding Armor
25:26 Husbandry
27:55 Stone Shaft Mining
27:56 Gold Shaft Mining
27:32 Cavalier
28:17 Padded Archer Armor
29:46 Chemistry
29:21 Chain Barding Armor
31:02 Fletching
31:31 Leather Archer Armor
31:52 Plate Barding Armor
31:28 Forging
31:27 Burgundian Vineyards
33:35 Crop Rotation
34:06 Guilds
35:57 Ballistics
35:47 Masonry
36:36 Fletching
36:15 Paladin
40:59 Architecture
40:03 Elite Coustillier
41:50 Iron Casting
51:45 Bodkin Arrow
Sir Faffalot
7:46 Feudal Age
8:59 Loom
11:56 Castle Age
10:25 Double-Bit Axe
10:22 Horse Collar
16:08 Bow Saw
16:01 Heavy Plow
20:37 Wheelbarrow
19:49 Town Watch
27:33 Imperial Age
25:16 Fletching
25:26 Padded Archer Armor
25:52 Bloodlines
26:11 Bodkin Arrow
26:38 Ballistics
26:29 Masonry
26:32 Fortified Wall
27:11 Hand Cart
27:14 Leather Archer Armor
27:46 Gold Mining
27:48 Stone Mining
28:08 Husbandry
28:21 Bracer
30:05 Chemistry
29:29 Conscription
30:00 Onager
31:27 Thumb Ring
31:49 Parthian Tactics
32:27 Drill
32:14 Elite Mangudai
34:18 Gold Shaft Mining
34:22 Siege Onager
35:46 Siege Engineers
39:45 Light Cavalry
40:31 Scale Barding Armor
40:38 Forging
40:59 Hussar
43:24 Scale Barding Armor
43:31 Forging
44:25 Hoardings
43:48 Murder Holes
44:33 Chain Barding Armor
43:53 Capped Ram
45:19 Caravan
46:56 Iron Casting
45:55 Siege Ram
Connection lost

Rejoining the realm…

Still unreachable

The connection could not be restored.

Session expired

The server has moved on; the page needs a fresh start.